 Dungeon Crawl Stone Soup version 0.15-a0-168-g0f93c88 (webtiles) character file.

109 lightblack the Shield-Bearer (level 4, -2/35 HPs)
             Began as a Formicid Fighter on Apr 17, 2014.
             Was an Initiate of Ashenzari.
             Slain by a gnoll
             ... wielding a +0,+0 club
              (9 damage)
             ... on Level 2 of the Dungeon.
             The game lasted 00:12:38 (2530 turns).

lightblack the Shield-Bearer (Formicid Fighter)     Turns: 2530, Time: 00:12:38

HP  -2/35        AC  3     Str 20      XL: 4   Next: 24%
MP   5/5         EV  9     Int  8      God: Ashenzari [......]
Gold 49          SH 19     Dex 11      Spells:  0 memorised,  3 levels left

rFire  + . .     SeeInvis +     a - +0 war axe
rCold  . . .     Clarity  .     o - +0 leather armour {rF+}
rNeg   . . .     Conserve .     c - +0 shield
rPois  .         rCorr    .     (helmet unavailable)
rElec  .         rRot     .     (no cloak)
SustAb . .       Spirit   .     (no gloves)
rMut   .         Warding  .     (no boots)
Saprov . . .     Stasis   +     (no amulet)
MR     .....                    (no ring)
                                (no ring)

@: drained, not resistant to hostile enchantments, very unstealthy
A: permanent stasis, dig shafts and tunnels, four strong arms, antennae 3
a: Dig, Shaft Self, Renounce Religion


You were on level 2 of the Dungeon.
You worshipped Ashenzari.
Ashenzari was noncommittal.
You were not hungry.

You visited 1 branch of the dungeon, and saw 3 of its levels.

You collected 49 gold pieces.

Inventory:

Hand weapons
 a - a +0,+0 war axe (weapon)
 r - a +0,+0 dagger of draining
Missiles
 f - 20 darts (quivered)
 l - 15 steel darts
 n - 14 poisoned needles
Armour
 b - a +0 scale mail
 c - a +0 shield (worn)
 o - a +0 leather armour of fire resistance (worn)
Comestibles
 d - 2 bread rations
 j - 2 meat rations
 k - 3 chunks of hobgoblin flesh
 m - a chunk of bat flesh
 s - a chunk of rat flesh
 t - 2 chunks of giant cockroach flesh
Scrolls
 p - a scroll of magic mapping {unknown}
 q - a scroll of enchant weapon II {unknown}
 u - a scroll of identify {unknown}
Potions
 e - a potion of might
 g - a potion of resistance {unknown}
 h - a potion of paralysis
 i - a potion of restore abilities


   Skills:
 + Level 3.5(3.3) Fighting
 + Level 2.3(2.1) Axes
 + Level 3.7(3.5) Armour
 * Level 1.4(1.2) Dodging
 * Level 0.3(0.1) Stealth
 + Level 4.3(4.1) Shields


You had 3 spell levels left.
You didn't know any spells.

Dungeon Overview and Level Annotations

Branches:
Dungeon (3/15)

Altars:
Ashenzari
Nemelex Xobeh

Annotations:
D:2 nemelex xobeh


Innate Abilities, Weirdness & Mutations

Your are under a permanent stasis effect.
You can dig through walls and to a lower floor.
Your four strong arms can wield two-handed weapons with a shield.
You have a pair of large antennae on your head (SInv).


Message History

The gnoll barely misses you.
You are too injured to fight recklessly!
You are too injured to fight recklessly!
(D) Dungeon
Where to? (Enter - D:3, ? - help)
There are monsters nearby!
There is a stone staircase leading up here.
You block the gnoll's attack.
You climb upwards.
Level annotation: nemelex xobeh
There is a stone staircase leading down here.
You are too injured to fight recklessly!
You block the gnoll's attack.
You barely miss the gnoll.
The gnoll is heavily wounded.
You block the gnoll's attack.
You hit the gnoll.
The gnoll is severely wounded.
The gnoll closely misses you. The gnoll hits you with a club!
You die...

######...###########.# #......_..
...# #...# #.# #.....⌠.⌠. ##.#
#...# #.# #.........
#.###...###### #)# ##........
#.##........)# #.# #........
#.##.###'###.## #.# #........
##.##.# #.# #..#####.####........
......###.###..g>...............#
##.##.+.._..).#.@###.#########..#
#.##.#######....# #.# #..# #.##.#
### #.##.# #.# #..#
#.##.#######.##.# #.# #..#
#.##.........##.# #.# #...
#.##........###.# #.# #.##
#.##........###.# #.# #.#
#...............# #.# #.#
####........##### #.# #.#


You could see a gnoll.

Vanquished Creatures
  2 adders (D:2)
  3 giant cockroaches
  8 hobgoblins
  2 jackals (D:1)
  A ball python (D:1)
  8 bats
  A giant gecko (D:2)
  2 giant newts
  6 goblins
  3 kobolds
  6 rats
42 creatures vanquished.

Notes
Turn   | Place    | Note
--------------------------------------------------------------
     0 | D:1      | lightblack, the Formicid Fighter, began the quest for the Orb.
     0 | D:1      | Reached XP level 1. HP: 18/18 MP: 1/1
   382 | D:1      | Reached XP level 2. HP: 24/24 MP: 3/3
  1028 | D:1      | Reached skill level 4 in Shields
  1028 | D:1      | Reached XP level 3. HP: 24/29 MP: 4/4
  1389 | D:2      | Found a sparkling altar of Nemelex Xobeh.
  1436 | D:2      | Found a shattered altar of Ashenzari.
  1451 | D:2      | Became a worshipper of Ashenzari the Shackled
  1525 | D:2      | Reached skill level 1 in Dodging
  1861 | D:2      | Reached XP level 4. HP: 18/35 MP: 5/5
  2530 | D:2      | Slain by a gnoll

Action                   |  1- 3 |  4- 6 || total
-------------------------+-------+-------++-------
Melee: War axe           |    97 |    19 ||   116
  Use: Potion            |     5 |       ||     5
       Scroll            |     1 |       ||     1
